WCHLSIM.com - West Coast Hockey League
html PUBLIC "-//W3C//DTD XHTML 1.0 Transitional//EN" "http://www.w3.org/TR/xhtml1/DTD/xhtml1-transitional.dtd"> WCHL - Game 59 - TEXAS TOROS vs BOISE CARIBOUS

TEXAS TOROS vs BOISE CARIBOUS

Created - 20 octobre 2023 at 23:59

Goals
1 2 3 OT1 T
TEXAS TOROS 0 1 1 0 2
BOISE CARIBOUS 2 0 0 1 3
Shots
1 2 3 OT1 T
TEXAS TOROS 5 13 7 0 25
BOISE CARIBOUS 15 5 5 3 28

1st period

1. BOISE CARIBOUS , Tim Stutzle 2 (Artturi Lehkonen 2, Rasmus Andersson 1) at 0:16
2. BOISE CARIBOUS , Tim Stutzle 3 (Artturi Lehkonen 3, Rasmus Dahlin 3) at 19:44

Penalties :
Dylan DeMelo (BOI) for Hooking (Minor) at 5:55

2nd period

3. TEXAS TOROS , Troy Terry 1 (Trevor Zegras 2, Owen Power 2) at 7:45 (PP)

Penalties :
Lawson Crouse (BOI) for Cross-checking (Minor) at 6:22, Moritz Seider (BOI) for Hooking (Minor) at 10:44, Marcus Pettersson (BOI) for High sticking (Minor) at 15:42

3rd period

4. TEXAS TOROS , Kevin Hayes 1 (Taylor Raddysh 1, Dougie Hamilton 1) at 2:44

Penalties :
Rasmus Dahlin (BOI) for Goalie Interference (Minor) at 5:15, Jonathan Toews (TEX) for Slashing (Minor) at 8:55, Dylan DeMelo (BOI) for High sticking (Minor) at 11:17, Tyson Barrie (TEX) for Charging (Minor) at 18:37

Overtime #1

5. BOISE CARIBOUS , Rasmus Dahlin 1 (Tim Stutzle 1, Charlie Coyle 3) at 1:25

Penalties :
No Penalty

Goalie Stats

Adin Hill (TEX), 25 saves from 28 shots - (0,893), OTL, 0-2-1, 61:26 minutes
Ilya Sorokin (BOI), 23 saves from 25 shots - (0,920), W, 3-0-0, 61:26 minutes

Players Stats for TEXAS TOROS

Player Name              G  A  P  +/- PIM S  H  SB GA TA FO     MP     PP MP  PK MP  
------------------------------------------------------------------------------------
Dante Fabbro             0  0  0   0  0   0  2  0  0  0  0/0    15:40   0:00   1:07 
Danton Heinen            0  0  0  -1  0   0  1  0  0  0  0/0    13:30   0:00   0:00 
Dougie Hamilton          0  1  1   0  0   2  3  0  0  0  0/0    24:07   5:41   2:27 
Jesse Ylonen             0  0  0   0  0   0  0  0  0  0  1/1    11:49   0:00   0:00 
Jonathan Toews           0  0  0  -1  2   4  0  0  0  0  16/26  18:55   5:24   1:37 
Kevin Hayes              1  0  1   0  0   4  2  1  0  0  6/15   19:07   5:54   1:09 
Miles Wood               0  0  0   0  0   0  1  0  0  0  2/2    17:28   5:24   0:00 
Nate Schmidt             0  0  0   0  0   1  0  0  0  0  0/0    14:33   0:00   0:00 
Owen Power               0  1  1  -1  0   0  1  0  0  0  0/0    22:40   5:37   1:31 
Ryan Poehling            0  0  0   0  0   0  0  0  0  0  2/4     8:20   0:00   0:22 
Ryan Suter               0  0  0  -1  0   1  3  0  0  0  0/0    22:47   5:37   1:38 
Taylor Raddysh           0  1  1  -1  0   1  1  1  0  0  0/0    17:34   5:24   0:00 
Trevor Zegras            0  1  1  -1  0   5  0  0  0  0  8/23   20:07   5:54   0:00 
Troy Terry               1  0  1  -1  0   2  0  1  0  0  0/0    22:11   5:54   2:04 
Tyson Barrie             0  0  0  -1  2   2  2  2  0  0  0/0    22:15   5:41   1:13 
Tyson Foerster           0  0  0   0  0   1  1  0  0  0  0/0    11:49   0:00   0:00 
Wade Allison             0  0  0   0  0   2  1  0  0  0  1/1     9:10   0:00   1:12 
Yegor Chinakhov          0  0  0   0  0   0  1  0  0  0  1/1     8:53   0:00   0:55 

Players Stats for BOISE CARIBOUS

Player Name              G  A  P  +/- PIM S  H  SB GA TA FO     MP     PP MP  PK MP  
------------------------------------------------------------------------------------
Artturi Lehkonen         0  2  2   2  0   5  3  0  0  0  1/1    16:46   2:18   0:19 
Charlie Coyle            0  1  1   0  0   1  0  0  0  0  1/2    18:35   0:00   6:32 
Dylan DeMelo             0  0  0   0  4   0  3  1  0  0  0/0    13:33   0:00   0:00 
Gabriel Vilardi          0  0  0  -1  0   2  0  0  0  0  0/0    12:34   0:00   0:00 
Jean-Gabriel Pageau      0  0  0  -1  0   2  1  0  0  0  13/23  19:32   1:03   6:32 
Jesperi Kotkaniemi       0  0  0   0  0   0  0  0  0  0  2/3     7:24   0:00   0:19 
Kaapo Kakko              0  0  0   0  0   0  0  0  0  0  0/1     7:05   0:00   0:00 
Kirill Marchenko         0  0  0   0  0   2  0  0  0  0  0/0     7:05   0:00   0:00 
Lawson Crouse            0  0  0   0  2   1  0  0  0  0  0/1    13:55   1:03   0:00 
Marcus Pettersson        0  0  0  -1  2   0  1  0  0  0  0/0    20:29   0:00   3:42 
Matt Duchene             0  0  0   0  0   0  0  0  0  0  0/0    13:56   1:03   0:00 
Moritz Seider            0  0  0  -1  2   0  2  3  0  0  0/0    22:29   1:03   4:02 
Nick Schmaltz            0  0  0   2  0   0  0  0  0  0  0/0    15:44   2:18   0:00 
Rasmus Andersson         0  1  1   2  0   2  0  0  0  0  0/0    22:48   1:03   6:04 
Rasmus Dahlin            1  1  2   3  2   2  4  1  0  0  0/0    23:55   2:18   5:37 
Tim Stutzle              2  1  3   3  0   7  2  0  0  0  4/18   20:54   2:18   4:27 
Troy Stecher             0  0  0   0  0   0  0  1  0  0  0/0    16:26   0:00   3:11 
Vincent Trocheck         0  0  0   0  0   4  1  0  0  0  15/24  20:21   2:18   4:27 

3 Stars

1 - Tim Stutzle (BOI)
2 - Rasmus Dahlin (BOI)
3 - Artturi Lehkonen (BOI)

Power Play

TEXAS TOROS - 1 on 6 Attempt(s) - 16,67%
BOISE CARIBOUS - 0 on 2 Attempt(s) - 0,00%

Penalty Kill

TEXAS TOROS - 2 on 2 Attempt(s) - 100,00% - Score 0 goal in Penalty Kill
BOISE CARIBOUS - 5 on 6 Attempt(s) - 83,33% - Score 0 goal in Penalty Kill

Team Stat

TEXAS TOROS - Hits : 19 - Faceoff Wins : 37 - Blocked Shots : 5 - Penalty Minutes : 4
BOISE CARIBOUS - Hits : 17 - Faceoff Wins : 36 - Blocked Shots : 6 - Penalty Minutes : 12

Official

Referees : Mike Campbell and Troy Paterson
Linesman : Brendan Lewis and Brad Kovachik

Game Notes

No Game Note

Finance

Level 1 -- Attendance: 5775 (96,25%) -- Ticket Income 877 800 $
Level 2 -- Attendance: 4339 (86,78%) -- Ticket Income 533 697 $
Level 3 -- Attendance: 2000 (100,00%) -- Ticket Income 184 000 $
Level 4 -- Attendance: 3498 (87,45%) -- Ticket Income 237 864 $
Luxury Box -- Attendance: 932 (93,20%) -- Ticket Income 260 960 $
Total Attendance: 16544 (91,91%)
Total Ticket Income: 2 094 321 $
Other Expense: 20 943 $
Total Income: 2 073 378 $

TEXAS TOROS

5 vs 5 Forward 
   Center                   Left Wing                Right Wing               Time % Phy DF OF 
 1 Trevor Zegras            Danton Heinen            Troy Terry               36     1   2  2  
 2 Kevin Hayes              Miles Wood               Taylor Raddysh           31     1   2  2  
 3 Jonathan Toews           Tyson Foerster           Jesse Ylonen             23     1   2  2  
 4 Ryan Poehling            Yegor Chinakhov          Wade Allison             10     1   2  2  

5 vs 5 Defense 
   Defense                  Defense                                           Time % Phy DF OF 
 1 Ryan Suter               Owen Power                                        36     1   2  2  
 2 Dougie Hamilton          Tyson Barrie                                      31     1   3  1  
 3 Nate Schmidt             Dante Fabbro                                      23     2   2  1  
 4 Dougie Hamilton          Tyson Barrie                                      10     1   2  2  

PowerPlay Forward 
   Center                   Left Wing                Right Wing               Time % Phy DF OF 
 1 Trevor Zegras            Kevin Hayes              Troy Terry               55     1   1  3  
 2 Jonathan Toews           Miles Wood               Taylor Raddysh           45     1   1  3  

PowerPlay Defense
   Defense                  Defense                                           Time % Phy DF OF 
 1 Dougie Hamilton          Tyson Barrie                                      55     1   1  3  
 2 Ryan Suter               Owen Power                                        45     1   1  3  

Penalty Kill 4 Players Forward 
   Center                   Wing                     Time % Phy DF OF 
 1 Jonathan Toews           Troy Terry               55     1   2  2  
 2 Ryan Poehling            Wade Allison             45     1   2  2  

Penalty Kill 4 Players Defense
   Defense                  Defense                  Time % Phy DF OF 
 1 Dougie Hamilton          Tyson Barrie             55     1   2  2  
 2 Ryan Suter               Owen Power               45     1   2  2  

Penalty Kill - 3 Players Forward 
   Forward                                           Time % Phy DF OF 
 1 Jonathan Toews                                    55     1   2  2  
 2 Ryan Poehling                                     45     1   2  2  

Penalty Kill - 3 Players Defense
   Defense                  Defense                  Time % Phy DF OF 
 1 Dougie Hamilton          Tyson Barrie             55     1   2  2  
 2 Ryan Suter               Owen Power               45     1   2  2  

4 vs 4 Forward 
   Center                   Wing                     Time % Phy DF OF 
 1 Jonathan Toews           Troy Terry               55     1   2  2  
 2 Trevor Zegras            Taylor Raddysh           45     1   2  2  

4 vs 4 Defense
   Defense                  Defense                  Time % Phy DF OF 
 1 Dougie Hamilton          Tyson Barrie             55     1   2  2  
 2 Ryan Suter               Owen Power               45     1   2  2  

Last Minutes Offensive
   Center                   Left Wing                Right Wing               Defense                  Defense                  
   Jonathan Toews           Danton Heinen            Troy Terry               Dougie Hamilton          Tyson Barrie             

Last Minutes Defensive
   Center                   Left Wing                Right Wing               Defense                  Defense                  
   Jonathan Toews           Danton Heinen            Troy Terry               Dougie Hamilton          Tyson Barrie             

Goaltenders
Starting : Adin Hill                
Backup : Philipp Grubauer         

Extra Forwards
Normal : Tyson Foerster, Ryan Poehling, Wade Allison - PP : Tyson Foerster, Ryan Poehling - PK : Wade Allison
Extra Defensemen
Normal : Nate Schmidt, Dante Fabbro, Ryan Suter - PP : Nate Schmidt - PK : Dante Fabbro, Ryan Suter
Penalty Shots
Jonathan Toews, Troy Terry, Trevor Zegras, Taylor Raddysh, Ryan Poehling
Custom OT Lines Forwards
Jonathan Toews, Troy Terry, Trevor Zegras, Taylor Raddysh, Ryan Poehling, Wade Allison, Danton Heinen, Miles Wood, Jesse Ylonen, Tyson Foerster
Custom OT Lines Defensemen
Dougie Hamilton, Tyson Barrie, Ryan Suter, Owen Power, Nate Schmidt

Scratches
Colin Blackwell (Healthy)

BOISE CARIBOUS

5 vs 5 Forward 
   Center                   Left Wing                Right Wing               Time % Phy DF OF 
 1 Tim Stutzle              Artturi Lehkonen         Nick Schmaltz            33     0   2  3  
 2 Vincent Trocheck         Lawson Crouse            Matt Duchene             31     1   2  2  
 3 Jean-Gabriel Pageau      Gabriel Vilardi          Charlie Coyle            26     1   2  2  
 4 Jesperi Kotkaniemi       Kirill Marchenko         Kaapo Kakko              10     0   3  2  

5 vs 5 Defense 
   Defense                  Defense                                           Time % Phy DF OF 
 1 Rasmus Dahlin            Rasmus Andersson                                  35     1   2  2  
 2 Marcus Pettersson        Moritz Seider                                     35     1   2  2  
 3 Dylan DeMelo             Troy Stecher                                      28     1   4  0  
 4 Rasmus Dahlin            Dylan DeMelo                                      2      1   2  2  

PowerPlay Forward 
   Center                   Left Wing                Right Wing               Time % Phy DF OF 
 1 Vincent Trocheck         Tim Stutzle              Nick Schmaltz            55     0   2  3  
 2 Jean-Gabriel Pageau      Lawson Crouse            Matt Duchene             45     0   2  3  

PowerPlay Defense
   Defense                  Defense                                           Time % Phy DF OF 
 1 Rasmus Dahlin            Artturi Lehkonen                                  55     0   2  3  
 2 Moritz Seider            Rasmus Andersson                                  45     0   2  3  

Penalty Kill 4 Players Forward 
   Center                   Wing                     Time % Phy DF OF 
 1 Jean-Gabriel Pageau      Charlie Coyle            55     0   3  2  
 2 Vincent Trocheck         Tim Stutzle              45     0   3  2  

Penalty Kill 4 Players Defense
   Defense                  Defense                  Time % Phy DF OF 
 1 Moritz Seider            Rasmus Andersson         55     1   4  0  
 2 Rasmus Dahlin            Marcus Pettersson        45     1   3  1  

Penalty Kill - 3 Players Forward 
   Forward                                           Time % Phy DF OF 
 1 Lawson Crouse                                     55     1   2  2  
 2 Kaapo Kakko                                       45     1   2  2  

Penalty Kill - 3 Players Defense
   Defense                  Defense                  Time % Phy DF OF 
 1 Dylan DeMelo             Troy Stecher             55     1   2  2  
 2 Rasmus Dahlin            Moritz Seider            45     1   2  2  

4 vs 4 Forward 
   Center                   Wing                     Time % Phy DF OF 
 1 Tim Stutzle              Gabriel Vilardi          55     1   2  2  
 2 Jesperi Kotkaniemi       Kirill Marchenko         45     1   2  2  

4 vs 4 Defense
   Defense                  Defense                  Time % Phy DF OF 
 1 Rasmus Dahlin            Moritz Seider            55     1   2  2  
 2 Dylan DeMelo             Marcus Pettersson        45     1   2  2  

Last Minutes Offensive
   Center                   Left Wing                Right Wing               Defense                  Defense                  
   Tim Stutzle              Artturi Lehkonen         Nick Schmaltz            Rasmus Dahlin            Rasmus Andersson         

Last Minutes Defensive
   Center                   Left Wing                Right Wing               Defense                  Defense                  
   Jean-Gabriel Pageau      Lawson Crouse            Charlie Coyle            Rasmus Dahlin            Moritz Seider            

Goaltenders
Starting : Ilya Sorokin             
Backup : Brian Elliott            

Extra Forwards
Normal : Matt Duchene, Gabriel Vilardi, Kirill Marchenko - PP : Kirill Marchenko, Tim Stutzle - PK : Lawson Crouse
Extra Defensemen
Normal : Dylan DeMelo, Troy Stecher, Moritz Seider - PP : Dylan DeMelo - PK : Troy Stecher, Marcus Pettersson
Penalty Shots
Tim Stutzle, Artturi Lehkonen, Vincent Trocheck, Charlie Coyle, Jean-Gabriel Pageau
Custom OT Lines Forwards
Tim Stutzle, Artturi Lehkonen, Vincent Trocheck, Charlie Coyle, Jean-Gabriel Pageau, Nick Schmaltz, Matt Duchene, Lawson Crouse, Gabriel Vilardi, Jesperi Kotkaniemi
Custom OT Lines Defensemen
Rasmus Dahlin, Rasmus Andersson, Moritz Seider, Marcus Pettersson, Dylan DeMelo

Scratches
None


% Time on Ice - TEXAS TOROS

Lines # - Real PCT - Wanted PCT - Time Play
Normal Forward
1 - 30% - 36% - 13:30
2 - 27% - 31% - 12:04
3 - 26% - 23% - 11:49
4 - 18% - 10% - 7:58
Normal Defense
1 - 34% - 36% - 15:32
2 - 30% - 31% - 13:23
3 - 32% - 23% - 14:33
4 - 4% - 10% - 1:53
PP Forward
1 - 52% - 55% - 5:54
2 - 48% - 45% - 5:24
PP Defense
1 - 50% - 55% - 5:41
2 - 50% - 45% - 5:37
PK Forward
1 - 89% - 55% - 2:59
2 - 11% - 45% - 0:22
PK Defense
1 - 62% - 55% - 2:05
2 - 38% - 45% - 1:16
PK3 Forward
1 - 100% - 55% - 0:37
2 - 0% - 45% - 0:00
PK3 Defense
1 - 59% - 55% - 0:22
2 - 41% - 45% - 0:15
44 Forward
1 - 0% - 55%
2 - 0% - 45%
44 Defense
1 - 0% - 55%
2 - 0% - 45%
Last Minute Offensive  - 0:00
Last Minute Defensive  - 0:00
Total
Forward - 60:37
Defense - 60:37

% Time on Ice - BOISE CARIBOUS

Lines # - Real PCT - Wanted PCT - Time Play
Normal Forward
1 - 30% - 33% - 13:26
2 - 28% - 31% - 12:53
3 - 26% - 26% - 11:57
4 - 16% - 10% - 7:05
Normal Defense
1 - 33% - 35% - 14:58
2 - 37% - 35% - 16:48
3 - 29% - 28% - 13:15
4 - 1% - 2% - 0:20
PP Forward
1 - 69% - 55% - 2:18
2 - 31% - 45% - 1:03
PP Defense
1 - 69% - 55% - 2:18
2 - 31% - 45% - 1:03
PK Forward
1 - 58% - 55% - 6:32
2 - 42% - 45% - 4:46
PK Defense
1 - 54% - 55% - 6:04
2 - 46% - 45% - 5:14
PK3 Forward
1 - 0% - 55%
2 - 0% - 45%
PK3 Defense
1 - 0% - 55%
2 - 0% - 45%
44 Forward
1 - 100% - 55% - 0:37
2 - 0% - 45% - 0:00
44 Defense
1 - 100% - 55% - 0:37
2 - 0% - 45% - 0:00
Last Minute Offensive  - 0:00
Last Minute Defensive  - 0:00
Total
Forward - 60:37
Defense - 60:37

Play-by-Play

1st period


0:01 of 1st period - Trevor Zegras wins face-off versus Tim Stutzle in neutral zone.
0:14 of 1st period - Shot by Tim Stutzle.
0:14 of 1st period - Stopped by Adin Hill with a rebound.
0:16 of 1st period - Shot by Tim Stutzle.
0:16 of 1st period - Goal by Tim Stutzle - TEXAS TOROS : 0 - BOISE CARIBOUS : 1.
0:17 of 1st period - Vincent Trocheck wins face-off versus Kevin Hayes in neutral zone.
0:39 of 1st period - Dougie Hamilton is hit by Vincent Trocheck and loses puck.
1:00 of 1st period - Shot by Taylor Raddysh.
1:00 of 1st period - Deflect By Kevin Hayes.
1:00 of 1st period - Shot Misses the Net.
1:30 of 1st period - Shot by Tyson Foerster.
1:30 of 1st period - Shot Misses the Net.
2:15 of 1st period - Off-side.
2:16 of 1st period - Jesperi Kotkaniemi wins face-off versus Ryan Poehling in neutral zone.
4:24 of 1st period - Shot by Lawson Crouse.
4:24 of 1st period - Shot Misses the Net.
4:26 of 1st period - Shot by Lawson Crouse.
4:26 of 1st period - Shot Misses the Net.
4:48 of 1st period - Shot by Vincent Trocheck.
4:48 of 1st period - Deflect By Matt Duchene.
4:48 of 1st period - Shot Blocked by Troy Terry.
4:50 of 1st period - Shot by Vincent Trocheck.
4:50 of 1st period - Stopped by Adin Hill without a rebound.
4:51 of 1st period - Jean-Gabriel Pageau wins face-off versus Kevin Hayes in TEXAS TOROS zone.
5:18 of 1st period - Shot by Jean-Gabriel Pageau.
5:18 of 1st period - Stopped by Adin Hill without a rebound.
5:19 of 1st period - Tim Stutzle wins face-off versus Jonathan Toews in TEXAS TOROS zone.
5:23 of 1st period - Icing by Jonathan Toews.
5:24 of 1st period - Jonathan Toews wins face-off versus Tim Stutzle in TEXAS TOROS zone.
5:24 of 1st period - Dante Fabbro is hit by Artturi Lehkonen and loses puck.
5:35 of 1st period - Shot by Artturi Lehkonen.
5:35 of 1st period - Stopped by Adin Hill without a rebound.
5:36 of 1st period - Jean-Gabriel Pageau wins face-off versus Kevin Hayes in TEXAS TOROS zone.
5:55 of 1st period - Minor Penalty to Dylan DeMelo for Hooking.
5:56 of 1st period - Jean-Gabriel Pageau wins face-off versus Jonathan Toews in BOISE CARIBOUS zone.
6:05 of 1st period - Shot by Dougie Hamilton.
6:05 of 1st period - Stopped by Ilya Sorokin without a rebound.
6:06 of 1st period - Jean-Gabriel Pageau wins face-off versus Trevor Zegras in BOISE CARIBOUS zone.
6:24 of 1st period - Shot by Jean-Gabriel Pageau.
6:24 of 1st period - Stopped by Adin Hill with a rebound.
6:40 of 1st period - Shot by Tim Stutzle.
6:40 of 1st period - Stopped by Adin Hill with a rebound.
8:27 of 1st period - Shot by Wade Allison.
8:27 of 1st period - Stopped by Ilya Sorokin without a rebound.
8:28 of 1st period - Artturi Lehkonen wins face-off versus Trevor Zegras in BOISE CARIBOUS zone.
8:41 of 1st period - Shot by Artturi Lehkonen.
8:41 of 1st period - Shot Hit the Post.
9:07 of 1st period - Troy Terry is hit by Rasmus Dahlin and loses puck.
9:44 of 1st period - Shot by Matt Duchene.
9:44 of 1st period - Shot Misses the Net.
10:32 of 1st period - Jean-Gabriel Pageau is hit by Dante Fabbro and loses puck.
11:23 of 1st period - Kaapo Kakko is hit by Wade Allison and loses puck.
11:42 of 1st period - Shot by Jesperi Kotkaniemi.
11:42 of 1st period - Shot Misses the Net.
11:44 of 1st period - Shot by Jesperi Kotkaniemi.
11:44 of 1st period - Deflect By Kirill Marchenko.
11:44 of 1st period - Stopped by Adin Hill without a rebound.
11:45 of 1st period - Trevor Zegras wins face-off versus Tim Stutzle in TEXAS TOROS zone.
11:55 of 1st period - Off-side.
11:56 of 1st period - Vincent Trocheck wins face-off versus Jonathan Toews in neutral zone.
12:00 of 1st period - Lawson Crouse is hit by Dougie Hamilton and loses puck.
12:36 of 1st period - Matt Duchene is hit by Dougie Hamilton and loses puck.
13:50 of 1st period - Nate Schmidt is hit by Artturi Lehkonen and loses puck.
14:02 of 1st period - Off-side.
14:03 of 1st period - Jean-Gabriel Pageau wins face-off versus Trevor Zegras in neutral zone.
14:34 of 1st period - Shot by Gabriel Vilardi.
14:34 of 1st period - Stopped by Adin Hill without a rebound.
14:35 of 1st period - Vincent Trocheck wins face-off versus Ryan Poehling in TEXAS TOROS zone.
14:44 of 1st period - Shot by Vincent Trocheck.
14:44 of 1st period - Stopped by Adin Hill with a rebound.
14:46 of 1st period - Shot by Moritz Seider.
14:46 of 1st period - Shot Misses the Net.
14:48 of 1st period - Shot by Vincent Trocheck.
14:48 of 1st period - Stopped by Adin Hill with a rebound.
14:53 of 1st period - Matt Duchene is hit by Tyson Barrie and loses puck.
15:13 of 1st period - Ryan Poehling is hit by Marcus Pettersson and loses puck.
16:02 of 1st period - Artturi Lehkonen is hit by Tyson Barrie and loses puck.
16:05 of 1st period - Shot by Artturi Lehkonen.
16:05 of 1st period - Deflect By Tim Stutzle.
16:05 of 1st period - Stopped by Adin Hill with a rebound.
16:07 of 1st period - Shot by Rasmus Andersson.
16:07 of 1st period - Stopped by Adin Hill with a rebound.
17:07 of 1st period - Icing by Owen Power.
17:08 of 1st period - Vincent Trocheck wins face-off versus Trevor Zegras in TEXAS TOROS zone.
17:12 of 1st period - Matt Duchene is hit by Ryan Suter and loses puck.
18:32 of 1st period - Shot by Artturi Lehkonen.
18:32 of 1st period - Stopped by Adin Hill without a rebound.
18:33 of 1st period - Tim Stutzle wins face-off versus Jonathan Toews in TEXAS TOROS zone.
18:33 of 1st period - Tim Stutzle is hit by Ryan Suter.
18:57 of 1st period - Shot by Jonathan Toews.
18:57 of 1st period - Stopped by Ilya Sorokin without a rebound.
18:58 of 1st period - Trevor Zegras wins face-off versus Jean-Gabriel Pageau in BOISE CARIBOUS zone.
18:58 of 1st period - Owen Power is hit by Rasmus Dahlin and loses puck.
19:17 of 1st period - Shot by Trevor Zegras.
19:17 of 1st period - Shot Misses the Net.
19:19 of 1st period - Shot by Troy Terry.
19:19 of 1st period - Stopped by Ilya Sorokin without a rebound.
19:20 of 1st period - Jonathan Toews wins face-off versus Tim Stutzle in BOISE CARIBOUS zone.
19:29 of 1st period - Shot by Jonathan Toews.
19:29 of 1st period - Stopped by Ilya Sorokin without a rebound.
19:30 of 1st period - Miles Wood wins face-off versus Tim Stutzle in BOISE CARIBOUS zone.
19:30 of 1st period - Dougie Hamilton is hit by Rasmus Dahlin and loses puck.
19:44 of 1st period - Shot by Tim Stutzle.
19:44 of 1st period - Goal by Tim Stutzle - TEXAS TOROS : 0 - BOISE CARIBOUS : 2.
19:45 of 1st period - Jean-Gabriel Pageau wins face-off versus Trevor Zegras in neutral zone.
Goals for this period are 0 for TEXAS TOROS vs 2 for BOISE CARIBOUS.
Shots for this period are 5 for TEXAS TOROS vs 15 for BOISE CARIBOUS.

2nd period


0:01 of 2nd period - Trevor Zegras wins face-off versus Tim Stutzle in neutral zone.
0:01 of 2nd period - Trevor Zegras is hit by Artturi Lehkonen.
0:12 of 2nd period - Icing by Rasmus Dahlin.
0:13 of 2nd period - Kevin Hayes wins face-off versus Tim Stutzle in BOISE CARIBOUS zone.
0:17 of 2nd period - Icing by Artturi Lehkonen.
0:18 of 2nd period - Trevor Zegras wins face-off versus Tim Stutzle in BOISE CARIBOUS zone.
1:28 of 2nd period - Shot by Charlie Coyle.
1:28 of 2nd period - Shot Blocked by Tyson Barrie.
1:43 of 2nd period - Shot by Charlie Coyle.
1:43 of 2nd period - Stopped by Adin Hill without a rebound.
1:44 of 2nd period - Jesse Ylonen wins face-off versus Vincent Trocheck in TEXAS TOROS zone.
2:14 of 2nd period - Shot by Lawson Crouse.
2:14 of 2nd period - Shot Misses the Net.
2:25 of 2nd period - Icing by Dante Fabbro.
2:26 of 2nd period - Jonathan Toews wins face-off versus Jean-Gabriel Pageau in TEXAS TOROS zone.
3:41 of 2nd period - Shot by Kevin Hayes.
3:41 of 2nd period - Stopped by Ilya Sorokin with a rebound.
5:04 of 2nd period - Shot by Dougie Hamilton.
5:04 of 2nd period - Shot Misses the Net.
5:16 of 2nd period - Icing by Marcus Pettersson.
5:17 of 2nd period - Jean-Gabriel Pageau wins face-off versus Jonathan Toews in BOISE CARIBOUS zone.
5:53 of 2nd period - Shot by Jesse Ylonen.
5:53 of 2nd period - Shot Blocked by Moritz Seider.
5:55 of 2nd period - Shot by Nate Schmidt.
5:55 of 2nd period - Stopped by Ilya Sorokin without a rebound.
5:56 of 2nd period - Kevin Hayes wins face-off versus Vincent Trocheck in BOISE CARIBOUS zone.
6:00 of 2nd period - Icing by Dylan DeMelo.
6:01 of 2nd period - Trevor Zegras wins face-off versus Vincent Trocheck in BOISE CARIBOUS zone.
6:01 of 2nd period - Trevor Zegras is hit by Dylan DeMelo.
6:06 of 2nd period - Troy Terry is hit by Dylan DeMelo and loses puck.
6:22 of 2nd period - Minor Penalty to Lawson Crouse for Cross-checking.
6:23 of 2nd period - Jonathan Toews wins face-off versus Vincent Trocheck in BOISE CARIBOUS zone.
6:54 of 2nd period - Rasmus Andersson is hit by Miles Wood and loses puck.
7:01 of 2nd period - Shot by Tyson Barrie.
7:01 of 2nd period - Stopped by Ilya Sorokin without a rebound.
7:02 of 2nd period - Vincent Trocheck wins face-off versus Trevor Zegras in BOISE CARIBOUS zone.
7:37 of 2nd period - Shot by Trevor Zegras.
7:37 of 2nd period - Shot Misses the Net.
7:39 of 2nd period - Shot by Ryan Suter.
7:39 of 2nd period - Shot Misses the Net.
7:41 of 2nd period - Shot by Ryan Suter.
7:41 of 2nd period - Shot Misses the Net.
7:45 of 2nd period - Shot by Trevor Zegras.
7:45 of 2nd period - Deflect By Troy Terry.
7:45 of 2nd period - Goal by Troy Terry - TEXAS TOROS : 1 - BOISE CARIBOUS : 2.
7:46 of 2nd period - Jesperi Kotkaniemi wins face-off versus Jonathan Toews in neutral zone.
8:29 of 2nd period - Troy Stecher is hit by Tyson Foerster.
8:30 of 2nd period - Icing by Troy Stecher.
8:31 of 2nd period - Kevin Hayes wins face-off versus Kaapo Kakko in BOISE CARIBOUS zone.
9:08 of 2nd period - Icing by Dante Fabbro.
9:09 of 2nd period - Tim Stutzle wins face-off versus Kevin Hayes in TEXAS TOROS zone.
9:14 of 2nd period - Shot by Tim Stutzle.
9:14 of 2nd period - Stopped by Adin Hill without a rebound.
9:15 of 2nd period - Trevor Zegras wins face-off versus Tim Stutzle in TEXAS TOROS zone.
10:08 of 2nd period - Icing by Danton Heinen.
10:09 of 2nd period - Vincent Trocheck wins face-off versus Trevor Zegras in TEXAS TOROS zone.
10:41 of 2nd period - Shot by Taylor Raddysh.
10:41 of 2nd period - Shot Blocked by Moritz Seider.
10:43 of 2nd period - Shot by Tyson Barrie.
10:43 of 2nd period - Shot Misses the Net.
10:44 of 2nd period - Minor Penalty to Moritz Seider for Hooking.
10:45 of 2nd period - Jean-Gabriel Pageau wins face-off versus Jonathan Toews in BOISE CARIBOUS zone.
11:10 of 2nd period - Shot by Jonathan Toews.
11:10 of 2nd period - Stopped by Ilya Sorokin without a rebound.
11:11 of 2nd period - Trevor Zegras wins face-off versus Jean-Gabriel Pageau in BOISE CARIBOUS zone.
11:48 of 2nd period - Shot by Kevin Hayes.
11:48 of 2nd period - Deflect By Trevor Zegras.
11:48 of 2nd period - Shot Misses the Net.
12:54 of 2nd period - Shot by Kirill Marchenko.
12:54 of 2nd period - Shot Misses the Net.
13:16 of 2nd period - Shot by Wade Allison.
13:16 of 2nd period - Stopped by Ilya Sorokin without a rebound.
13:17 of 2nd period - Jonathan Toews wins face-off versus Jean-Gabriel Pageau in BOISE CARIBOUS zone.
13:26 of 2nd period - Shot by Tyson Foerster.
13:26 of 2nd period - Shot Misses the Net.
13:28 of 2nd period - Shot by Jonathan Toews.
13:28 of 2nd period - Shot Blocked by Troy Stecher.
14:10 of 2nd period - Shot by Trevor Zegras.
14:10 of 2nd period - Stopped by Ilya Sorokin without a rebound.
14:11 of 2nd period - Ryan Poehling wins face-off versus Tim Stutzle in BOISE CARIBOUS zone.
14:11 of 2nd period - Ryan Poehling is hit by Rasmus Dahlin.
14:23 of 2nd period - Wade Allison is hit by Tim Stutzle and loses puck.
14:28 of 2nd period - Shot by Tim Stutzle.
14:28 of 2nd period - Stopped by Adin Hill with a rebound.
14:30 of 2nd period - Shot by Rasmus Andersson.
14:30 of 2nd period - Stopped by Adin Hill with a rebound.
14:48 of 2nd period - Shot by Artturi Lehkonen.
14:48 of 2nd period - Stopped by Adin Hill without a rebound.
14:49 of 2nd period - Vincent Trocheck wins face-off versus Trevor Zegras in TEXAS TOROS zone.
15:10 of 2nd period - Shot by Troy Terry.
15:10 of 2nd period - Shot Misses the Net.
15:12 of 2nd period - Shot by Trevor Zegras.
15:12 of 2nd period - Stopped by Ilya Sorokin with a rebound.
15:14 of 2nd period - Shot by Danton Heinen.
15:14 of 2nd period - Deflect By Trevor Zegras.
15:14 of 2nd period - Stopped by Ilya Sorokin with a rebound.
15:16 of 2nd period - Shot by Trevor Zegras.
15:16 of 2nd period - Stopped by Ilya Sorokin with a rebound.
15:31 of 2nd period - Icing by Moritz Seider.
15:32 of 2nd period - Kevin Hayes wins face-off versus Vincent Trocheck in BOISE CARIBOUS zone.
15:34 of 2nd period - Taylor Raddysh is hit by Moritz Seider and loses puck.
15:42 of 2nd period - Minor Penalty to Marcus Pettersson for High sticking.
15:43 of 2nd period - Jonathan Toews wins face-off versus Jean-Gabriel Pageau in BOISE CARIBOUS zone.
16:00 of 2nd period - Shot by Taylor Raddysh.
16:00 of 2nd period - Stopped by Ilya Sorokin without a rebound.
16:01 of 2nd period - Jean-Gabriel Pageau wins face-off versus Trevor Zegras in BOISE CARIBOUS zone.
16:15 of 2nd period - Shot by Tyson Barrie.
16:15 of 2nd period - Stopped by Ilya Sorokin without a rebound.
16:16 of 2nd period - Jonathan Toews wins face-off versus Jean-Gabriel Pageau in BOISE CARIBOUS zone.
16:17 of 2nd period - Shot by Taylor Raddysh.
16:17 of 2nd period - Deflect By Jonathan Toews.
16:17 of 2nd period - Stopped by Ilya Sorokin without a rebound.
16:18 of 2nd period - Jean-Gabriel Pageau wins face-off versus Trevor Zegras in BOISE CARIBOUS zone.
16:49 of 2nd period - Tim Stutzle is hit by Kevin Hayes and loses puck.
17:00 of 2nd period - Shot by Troy Terry.
17:00 of 2nd period - Shot Blocked by Rasmus Dahlin.
17:50 of 2nd period - Jesperi Kotkaniemi is hit by Yegor Chinakhov and loses puck.
18:50 of 2nd period - Shot by Tyson Foerster.
18:50 of 2nd period - Shot Blocked by Moritz Seider.
Goals for this period are 1 for TEXAS TOROS vs 0 for BOISE CARIBOUS.
Shots for this period are 13 for TEXAS TOROS vs 5 for BOISE CARIBOUS.

3rd period


0:01 of 3rd period - Vincent Trocheck wins face-off versus Kevin Hayes in neutral zone.
0:43 of 3rd period - Shot by Kevin Hayes.
0:43 of 3rd period - Shot Misses the Net.
1:06 of 3rd period - Troy Stecher is hit by Danton Heinen and loses puck.
2:36 of 3rd period - Icing by Marcus Pettersson.
2:37 of 3rd period - Kevin Hayes wins face-off versus Jean-Gabriel Pageau in BOISE CARIBOUS zone.
2:44 of 3rd period - Shot by Kevin Hayes.
2:44 of 3rd period - Goal by Kevin Hayes - TEXAS TOROS : 2 - BOISE CARIBOUS : 2.
2:45 of 3rd period - Vincent Trocheck wins face-off versus Kevin Hayes in neutral zone.
3:38 of 3rd period - Icing by Kevin Hayes.
3:39 of 3rd period - Kevin Hayes wins face-off versus Tim Stutzle in TEXAS TOROS zone.
3:55 of 3rd period - Shot by Artturi Lehkonen.
3:55 of 3rd period - Stopped by Adin Hill with a rebound.
4:34 of 3rd period - Off-side.
4:35 of 3rd period - Jean-Gabriel Pageau wins face-off versus Jonathan Toews in neutral zone.
4:48 of 3rd period - Shot by Gabriel Vilardi.
4:48 of 3rd period - Stopped by Adin Hill with a rebound.
4:59 of 3rd period - Icing by Nate Schmidt.
5:00 of 3rd period - Jonathan Toews wins face-off versus Lawson Crouse in TEXAS TOROS zone.
5:15 of 3rd period - Minor Penalty to Rasmus Dahlin for Goalie Interference.
5:16 of 3rd period - Jean-Gabriel Pageau wins face-off versus Trevor Zegras in BOISE CARIBOUS zone.
5:16 of 3rd period - Jean-Gabriel Pageau is hit by Kevin Hayes.
5:58 of 3rd period - Icing by Trevor Zegras.
5:59 of 3rd period - Vincent Trocheck wins face-off versus Trevor Zegras in TEXAS TOROS zone.
6:29 of 3rd period - Icing by Jonathan Toews.
6:30 of 3rd period - Miles Wood wins face-off versus Jean-Gabriel Pageau in TEXAS TOROS zone.
6:30 of 3rd period - Miles Wood is hit by Jean-Gabriel Pageau.
6:45 of 3rd period - Shot by Dougie Hamilton.
6:45 of 3rd period - Stopped by Ilya Sorokin without a rebound.
6:46 of 3rd period - Vincent Trocheck wins face-off versus Trevor Zegras in BOISE CARIBOUS zone.
6:52 of 3rd period - Shot by Tyson Barrie.
6:52 of 3rd period - Shot Misses the Net.
6:54 of 3rd period - Shot by Troy Terry.
6:54 of 3rd period - Shot Misses the Net.
6:56 of 3rd period - Shot by Kevin Hayes.
6:56 of 3rd period - Stopped by Ilya Sorokin without a rebound.
6:57 of 3rd period - Jonathan Toews wins face-off versus Jean-Gabriel Pageau in BOISE CARIBOUS zone.
7:14 of 3rd period - Shot by Owen Power.
7:14 of 3rd period - Shot Hit the Post.
8:29 of 3rd period - Shot by Lawson Crouse.
8:29 of 3rd period - Stopped by Adin Hill without a rebound.
8:30 of 3rd period - Jean-Gabriel Pageau wins face-off versus Kevin Hayes in TEXAS TOROS zone.
8:34 of 3rd period - Jean-Gabriel Pageau is hit by Ryan Suter and loses puck.
8:48 of 3rd period - Shot by Kevin Hayes.
8:48 of 3rd period - Deflect By Taylor Raddysh.
8:48 of 3rd period - Shot Misses the Net.
8:50 of 3rd period - Shot by Kevin Hayes.
8:50 of 3rd period - Stopped by Ilya Sorokin without a rebound.
8:51 of 3rd period - Vincent Trocheck wins face-off versus Jonathan Toews in BOISE CARIBOUS zone.
8:55 of 3rd period - Minor Penalty to Jonathan Toews for Slashing.
8:56 of 3rd period - Wade Allison wins face-off versus Vincent Trocheck in TEXAS TOROS zone.
9:21 of 3rd period - Shot by Rasmus Dahlin.
9:21 of 3rd period - Stopped by Adin Hill with a rebound.
10:41 of 3rd period - Shot by Moritz Seider.
10:41 of 3rd period - Shot Blocked by Kevin Hayes.
10:49 of 3rd period - Shot by Moritz Seider.
10:49 of 3rd period - Shot Blocked by Tyson Barrie.
11:15 of 3rd period - Jesse Ylonen is hit by Dylan DeMelo and loses puck.
11:17 of 3rd period - Minor Penalty to Dylan DeMelo for High sticking.
11:18 of 3rd period - Jonathan Toews wins face-off versus Charlie Coyle in BOISE CARIBOUS zone.
11:59 of 3rd period - Shot by Ryan Suter.
11:59 of 3rd period - Stopped by Ilya Sorokin without a rebound.
12:00 of 3rd period - Vincent Trocheck wins face-off versus Trevor Zegras in BOISE CARIBOUS zone.
13:37 of 3rd period - Shot by Kirill Marchenko.
13:37 of 3rd period - Stopped by Adin Hill without a rebound.
13:38 of 3rd period - Jonathan Toews wins face-off versus Vincent Trocheck in TEXAS TOROS zone.
14:31 of 3rd period - Icing by Troy Terry.
14:32 of 3rd period - Tim Stutzle wins face-off versus Trevor Zegras in TEXAS TOROS zone.
15:05 of 3rd period - Shot by Artturi Lehkonen.
15:05 of 3rd period - Shot Misses the Net.
15:19 of 3rd period - Shot by Artturi Lehkonen.
15:19 of 3rd period - Shot Misses the Net.
15:21 of 3rd period - Shot by Rasmus Andersson.
15:21 of 3rd period - Shot Misses the Net.
16:13 of 3rd period - Shot by Kevin Hayes.
16:13 of 3rd period - Shot Blocked by Dylan DeMelo.
16:15 of 3rd period - Shot by Taylor Raddysh.
16:15 of 3rd period - Deflect By Kevin Hayes.
16:15 of 3rd period - Shot Misses the Net.
16:30 of 3rd period - Icing by Tyson Barrie.
16:31 of 3rd period - Vincent Trocheck wins face-off versus Kevin Hayes in TEXAS TOROS zone.
16:32 of 3rd period - Shot by Lawson Crouse.
16:32 of 3rd period - Shot Misses the Net.
17:02 of 3rd period - Shot by Jonathan Toews.
17:02 of 3rd period - Deflect By Tyson Foerster.
17:02 of 3rd period - Stopped by Ilya Sorokin without a rebound.
17:03 of 3rd period - Yegor Chinakhov wins face-off versus Tim Stutzle in BOISE CARIBOUS zone.
17:04 of 3rd period - Shot by Ryan Poehling.
17:04 of 3rd period - Deflect By Yegor Chinakhov.
17:04 of 3rd period - Shot Misses the Net.
17:11 of 3rd period - Nick Schmaltz is hit by Owen Power and loses puck.
17:17 of 3rd period - Icing by Owen Power.
17:18 of 3rd period - Ryan Poehling wins face-off versus Jesperi Kotkaniemi in TEXAS TOROS zone.
18:01 of 3rd period - Rasmus Dahlin is hit by Dante Fabbro and loses puck.
18:12 of 3rd period - Shot by Trevor Zegras.
18:12 of 3rd period - Stopped by Ilya Sorokin without a rebound.
18:13 of 3rd period - Vincent Trocheck wins face-off versus Kevin Hayes in BOISE CARIBOUS zone.
18:13 of 3rd period - Vincent Trocheck is hit by Taylor Raddysh.
18:22 of 3rd period - Vincent Trocheck is hit by Dougie Hamilton.
18:37 of 3rd period - Minor Penalty to Tyson Barrie for Charging.
18:38 of 3rd period - Jonathan Toews wins face-off versus Vincent Trocheck in TEXAS TOROS zone.
18:46 of 3rd period - Off-side.
18:47 of 3rd period - Jonathan Toews wins face-off versus Jean-Gabriel Pageau in neutral zone.
18:55 of 3rd period - Off-side.
18:56 of 3rd period - Jonathan Toews wins face-off versus Vincent Trocheck in neutral zone.
18:56 of 3rd period - Jonathan Toews is hit by Tim Stutzle.
19:46 of 3rd period - Shot by Ryan Poehling.
19:46 of 3rd period - Shot Misses the Net.
19:48 of 3rd period - Shot by Wade Allison.
19:48 of 3rd period - Shot Misses the Net.
Goals for this period are 1 for TEXAS TOROS vs 0 for BOISE CARIBOUS.
Shots for this period are 7 for TEXAS TOROS vs 5 for BOISE CARIBOUS.

Overtime #1


0:01 of 1st overtime period - Jonathan Toews wins face-off versus Tim Stutzle in neutral zone.
0:06 of 1st overtime period - Shot by Jonathan Toews.
0:06 of 1st overtime period - Shot Misses the Net.
0:08 of 1st overtime period - Shot by Jonathan Toews.
0:08 of 1st overtime period - Shot Misses the Net.
0:10 of 1st overtime period - Shot by Jonathan Toews.
0:10 of 1st overtime period - Shot Misses the Net.
0:15 of 1st overtime period - Jonathan Toews is hit by Moritz Seider and loses puck.
0:21 of 1st overtime period - Icing by Rasmus Dahlin.
0:22 of 1st overtime period - Jonathan Toews wins face-off versus Tim Stutzle in BOISE CARIBOUS zone.
0:47 of 1st overtime period - Shot by Vincent Trocheck.
0:47 of 1st overtime period - Shot Misses the Net.
0:51 of 1st overtime period - Shot by Artturi Lehkonen.
0:51 of 1st overtime period - Stopped by Adin Hill with a rebound.
1:19 of 1st overtime period - Shot by Vincent Trocheck.
1:19 of 1st overtime period - Stopped by Adin Hill without a rebound.
1:20 of 1st overtime period - Charlie Coyle wins face-off versus Jonathan Toews in TEXAS TOROS zone.
1:23 of 1st overtime period - Shot by Tim Stutzle.
1:23 of 1st overtime period - Shot Blocked by Taylor Raddysh.
1:25 of 1st overtime period - Shot by Rasmus Dahlin.
1:25 of 1st overtime period - Goal by Rasmus Dahlin - TEXAS TOROS : 2 - BOISE CARIBOUS : 3.
Goals for this period are 0 for TEXAS TOROS vs 1 for BOISE CARIBOUS.
Shots for this period are 0 for TEXAS TOROS vs 3 for BOISE CARIBOUS.


ROOPE
HINTZ
ARTEMI
PANARIN
MIRO
HEISKANEN

EAST COAST

HOCKEY LEAGUE

  • 59.RHI1PIT5
  • 60.WOR6ATL7
  • 61.CHWQUE
  • 62.TRVCHA